 Dungeon Sprint DCSS version 0.17.1-3-g152610e (webtiles) character file.

201 Groucho the Skirmisher (level 5, 0/56 HPs)
             Began as a Naga Fighter on Apr 24, 2016.
             Was a Believer of Cheibriados.
             Slain by a killer bee (7 damage)
             ... in the Dungeon (Sprint IX: "|||||||||||||||||||||||||||||").
             The game lasted 00:01:51 (431 turns).

Groucho the Skirmisher (Naga Fighter)                Turns: 431, Time: 00:01:52

Health: 0/56       AC:  8    Str: 24    XL:     5   Next: 79%
Magic:  5/6        EV:  6    Int: 13    God:    Cheibriados [**....]
Gold:   0          SH: 11    Dex: 16    Spells: 0 memorised, 4 levels left

rFire  . . .     SeeInvis +     o - +1 broad axe (chop)
rCold  . . .     Clarity  .     q - +1 scale mail
rNeg   . . .     SustAt   .     c - +0 shield
rPois  +         Gourm    .     (no helmet)
rElec  .         Spirit   .     p - +0 cloak
rCorr  .         Warding  .     (no gloves)
rMut   .         NoTele   +     (no barding)
MR     .....                    (no amulet)
Stlth  ..........               (no ring)
                                (no ring)

@: very slow, not resistant to hostile enchantments, extremely unstealthy
A: see invisible, deformed body, poison resistance, slowness 2, slow metabolism
1, spit poison 2, AC +1
a: Spit Poison, Bend Time, Renounce Religion


You were in the Dungeon.
You worshipped Cheibriados.
Cheibriados was pleased with you.
You were not hungry.

You visited 1 branch

Inventory:

Hand Weapons
 o - a +1 broad axe of chopping (weapon)
Armour
 c - a +0 shield (worn)
 p - a +0 cloak (worn)
 q - a +1 scale mail (worn)
Jewellery
 r - a +2 ring of evasion
 s - a +2 ring of protection
Wands
 m - a wand of cold (7)
Scrolls
 j - 3 scrolls of remove curse
 k - 2 scrolls of blinking
 l - 2 scrolls of amnesia
Potions
 d - a potion of might
 f - a potion of invisibility
 g - a potion of heal wounds
 h - 4 potions of curing
 i - 4 potions of magic
Comestibles
 e - a bread ration


   Skills:
 * Level 6.4 Fighting
 * Level 5.9 Axes
 * Level 5.3 Armour
 * Level 5.2 Shields
 * Level 1.8 Invocations


You had 4 spell levels left.
You didn't know any spells.

Dungeon Overview and Level Annotations

Branches:
Dungeon (1/1)

Altars:
Cheibriados
Dithmenos
Elyvilon
Fedhas
Gozag
Kikubaaqudgha
Makhleb
Nemelex Xobeh
Okawaru
Qazlal
Ru
Sif Muna
Trog
Vehumet
Xom
Yredelemnul
Zin
The Shining One
Beogh
Jiyva
Lugonu


Innate Abilities, Weirdness & Mutations

You cannot wear boots.
Your serpentine skin is tough (AC +1).
You have supernaturally acute eyesight.
Armour fits poorly on your strangely shaped body.
Your system is resistant to poisons.
You cover ground very slowly.
You have a slow metabolism.
You can spit poison.


Message History

The iguana bites you.
You hit the iguana.
The iguana is almost dead.
The iguana bites you!
You slash the iguana!
You kill the iguana!
Cheibriados thoroughly appreciates the change of pace.
Cheibriados raises the support of your attributes as your movement slows.
Your Invocations skill increases to level 1!
The killer bee barely misses you.
You miss the killer bee. The killer bee barely misses you.
The killer bee barely misses you. You block the killer bee's attack.
You slash the killer bee!
The killer bee is severely wounded.
The killer bee stings you.
* * * LOW HITPOINT WARNING * * *
The killer bee stings you!
* * * LOW HITPOINT WARNING * * *
The killer bee stings you!
You die... ▓▓▓▓▓▓▓▓▓▓▓▓▓▓▓▓▓▓▓▓▓▓▓▓ _______'...)[...@yW..... ▓▓▓▓▓▓▓▓▓▓▓▓▓▓▓▓▓▓▓▓▓▓▓▓

You could see a hungry ghost and a killer bee.

Vanquished Creatures
  A sky beast (D)
  A jelly (D)
  An iguana (D)
  A worker ant (D)
  2 adders (D)
  2 orcs (D)
  A bat (D)
  A bat skeleton (D)
  A hobgoblin (D)
  A goblin (D)
  A kobold (D)
  A rat (D)
14 creatures vanquished.

Notes
Turn   | Place    | Note
--------------------------------------------------------------
     0 | D        | Groucho the Naga Fighter began the quest for the Orb.
     0 | D        | Reached XP level 1. HP: 21/21 MP: 1/1
   118 | D        | Noticed a jelly
   118 | D        | Noticed a worker ant
   118 | D        | Noticed a sky beast
   120 | D        | Killed a jelly
   120 | D        | Reached skill level 4 in Fighting
   120 | D        | Reached XP level 2. HP: 21/30 MP: 2/2
   120 | D        | Reached XP level 3. HP: 25/36 MP: 3/3
   139 | D        | Killed a worker ant
   139 | D        | Reached XP level 4. HP: 45/45 MP: 4/4
   153 | D        | Killed a sky beast
   153 | D        | Reached skill level 5 in Fighting
   153 | D        | Reached skill level 5 in Axes
   153 | D        | Reached XP level 5. HP: 55/55 MP: 5/5
   155 | D        | Reached skill level 6 in Fighting
   155 | D        | Reached skill level 5 in Armour
   156 | D        | Reached skill level 5 in Shields
   343 | D        | Found a glowing silver altar of Zin.
   343 | D        | Found a glowing golden altar of the Shining One.
   343 | D        | Found an ancient bone altar of Kikubaaqudgha.
   343 | D        | Found a basalt altar of Yredelemnul.
   343 | D        | Found a shimmering altar of Xom.
   343 | D        | Found a radiant altar of Vehumet.
   344 | D        | Found an iron altar of Okawaru.
   345 | D        | Found a burning altar of Makhleb.
   346 | D        | Found a deep blue altar of Sif Muna.
   347 | D        | Found a bloodstained altar of Trog.
   348 | D        | Found a sparkling altar of Nemelex Xobeh.
   349 | D        | Found a white marble altar of Elyvilon.
   350 | D        | Found a roughly hewn altar of Beogh.
   351 | D        | Found a viscous altar of Jiyva.
   352 | D        | Found a corrupted altar of Lugonu.
   353 | D        | Found a blossoming altar of Fedhas.
   354 | D        | Found a snail-covered altar of Cheibriados.
   355 | D        | Found a shadowy altar of Dithmenos.
   356 | D        | Found a stormy altar of Qazlal.
   357 | D        | Found an opulent altar of Gozag.
   358 | D        | Found a sacrificial altar of Ru.
   366 | D        | Became a worshipper of Cheibriados the Contemplative
   412 | D        | Noticed an iguana
   412 | D        | Noticed a killer bee
   412 | D        | Noticed a hungry ghost
   417 | D        | Reached * piety under Cheibriados
   421 | D        | Reached ** piety under Cheibriados
   429 | D        | Killed an iguana
   429 | D        | Reached skill level 1 in Invocations
   431 | D        | Slain by a killer bee

Action                   |  1- 3 |  4- 6 || total
-------------------------+-------+-------++-------
Melee: War axe           |    38 |    17 ||    55
       Broad axe         |       |    18 ||    18
  Use: Potion            |     4 |     1 ||     5
